AoeStats
← Darkbang33

MegaRandom

504918451Analyzed
3v3 RM · 24d ago on Sep 7, 2026· 34m 52s· 6 players
Game mode
Random Map
Map size
Normal (6 player)
Population
200
Speed
Normal
Resources
Standard
Victory
Conquest
Starting age
Dark Age
Ending age
Imperial Age
RankedLock teamsTeams togetherTeam positionsShared explorationLock speedFull tech treeHidden civsTurbo modeCheats
Victory
Defeat
🇦🇷 Mongols · Argentina
1319
+15
🇦🇷 Vikings · Argentina
1301
+16
🇦🇷 Tupi · Argentina
1246
+18
🇦🇷 Mongols · Argentina
1346
-17
🇦🇷 Japanese · Argentina
1326
-18
🇦🇷 Lithuanians · Argentina
1228
-14
Darkbang33
7:15 Loom
9:54 Feudal Age
10:30 Double-Bit Axe
16:24 Fletching
18:22 Padded Archer Armor
23:28 Castle Age
21:44 Horse Collar
21:54 Gold Mining
24:24 Bodkin Arrow
23:50 Crossbowman
24:03 Crossbowman
25:57 Leather Archer Armor
31:49 Ballistics
34:52 Bow Saw
Pepe "Ratatata" Cuenca
10:35 Feudal Age
14:30 Castle Age
12:32 Double-Bit Axe
15:33 Bow Saw
21:06 Fletching
21:50 Loom
27:55 Bodkin Arrow
28:33 Ballistics
32:03 Imperial Age
30:14 Padded Archer Armor
30:58 Husbandry
31:11 Bloodlines
31:11 Gold Mining
33:03 Wheelbarrow
33:43 Chemistry
33:13 Bracer
33:49 Husbandry
34:27 Conscription
ElEmaRnR
10:43 Feudal Age
11:42 Double-Bit Axe
14:20 Fletching
21:21 Castle Age
22:55 Bodkin Arrow
28:58 Padded Archer Armor
35:35 Ballistics
Ibz1
7:00 Loom
9:46 Feudal Age
10:27 Double-Bit Axe
11:11 Fletching
12:45 Padded Archer Armor
22:26 Castle Age
20:11 Town Watch
20:48 Gold Mining
22:09 Horse Collar
22:32 Crossbowman
23:08 Bodkin Arrow
30:28 Leather Archer Armor
32:41 Husbandry
33:57 Bloodlines
Cuando florezca el Chuño
10:16 Feudal Age
8:31 Loom
14:45 Castle Age
12:46 Double-Bit Axe
21:32 Fletching
22:16 Town Watch
25:13 Wheelbarrow
24:38 Bodkin Arrow
JPA.Cooke
5:37 Loom
10:30 Feudal Age
16:18 Castle Age
14:19 Double-Bit Axe
16:24 Gold Mining
20:07 Scale Barding Armor
20:12 Forging
28:30 Bloodlines
29:24 Chain Barding Armor
29:10 Town Watch
30:53 Iron Casting
31:54 Bow Saw
34:46 Wheelbarrow
Connection lost

Rejoining the realm…

Still unreachable

The connection could not be restored.

Session expired

The server has moved on; the page needs a fresh start.